 Dungeon Crawl Stone Soup version 0.32-a0-705-g60f2335 (webtiles) character file.

Game seed: 4385415858235365453

86 hung33 the Chopper (level 4, -4/39 HPs)
             Began as a Minotaur Fighter on Mar 14, 2024.
             Killed by nerve-wracking pain
             ... invoked by an orc priest
              (9 damage)
             ... on level 3 of the Dungeon.
             The game lasted 00:02:28 (1386 turns).

hung33 the Chopper (Minotaur Fighter)               Turns: 1386, Time: 00:02:29

Health: -4/39      AC:  8    Str: 21    XL:     4   Next: 27%
Magic:  3/3        EV:  8    Int:  5    God:
Gold:   125        SH:  4    Dex: 11    Spells: 3/3 levels left

rFire   . . .        a - +0 war axe
rCold   . . .        c - +0 buckler
rNeg    . . .        b - +0 scale mail
rPois   .            (helmet restricted)
rElec   .            (no cloak)
rCorr   .            g - +0 pair of gloves
SInv    .            (no boots)
Will    .....        (no amulet) Stlth
                     (no ring)
HPRegen 0.26/turn    (no ring)
MPRegen 0.08/turn

%: no passive effects
@: no status effects
A: horns 2, retaliatory headbutt
a: Convert to Beogh


You were on level 3 of the Dungeon.
You visited 1 branch of the dungeon, and saw 3 of its levels.

You collected 125 gold pieces.

Inventory:

Hand Weapons
 a - a +0 war axe (weapon)
Armour
 b - a +0 scale mail (worn)
 c - a +0 buckler (worn)
 g - a +0 pair of gloves (worn)
 o - a +0 cloak
 p - a +0 pair of boots
Scrolls
 e - a scroll of poison {unknown}
 f - 5 scrolls of enchant armour {unknown}
 h - 2 scrolls of torment {unknown}
 j - a scroll of noise {unknown}
 k - a scroll of revelation {unknown}
 m - a scroll of enchant weapon {unknown}
 n - a scroll of identify {unknown}
Potions
 d - a potion of might
 i - a potion of lignification {unknown}
 l - a potion of degeneration {unknown}


   Skills:
 - Level 3.6 Fighting
 + Level 5.5 Axes
 - Level 3.6 Armour
 - Level 3.6 Shields


You had 3 spell levels left.
You didn't know any spells.
Your spell library contained the following spells:

 Spells                   Type           Power      Damage    Failure   Level
 Cigotuvi's Dreadful Rot  Necr/Alch/Air  0%         N/A       95%         2
 Dispel Undead            Necr           0%         3d6       100%        4
 Martyr's Knell           Necr/Summ      0%         N/A       100%        4
 Olgreb's Toxic Radiance  Alch           0%         N/A       100%        4
 Ozocubu's Refrigeration  Ice            0%         4d7       100%        7
 Discord                  Hex            0%         N/A       100%        8


Dungeon Overview and Level Annotations

Branches:
Dungeon (3/15)

Altars:


Innate Abilities, Weirdness & Mutations

You have a pair of horns on your head.
You reflexively headbutt those who attack you in melee.


Message History

The ball python bites you. The ball python grabs you.
The ball python constricts you.
You hit the ball python.
You kill the ball python!
You block the ball python's attack. The ball python grabs you.
The ball python constricts you.
An adder comes into view.
The ball python bites you but does no damage.
The ball python constricts you.
The orc priest threatens, "Beogh's wrath is as vast as their mercy.
Make your choice!"
You hit the orc priest but do no damage.
You closely miss the ball python.
The ball python bites you but does no damage.
The ball python constricts you.
The orc priest invokes the aid of Beogh against you.
Beogh smites you!
* * * LOW HITPOINT WARNING * * *
The ball python loses its grip on you.
You slash the orc priest!
The orc priest is severely wounded.
You barely miss the adder.
The orc priest begins to cast a cantrip, but forgets the words!
You block the adder's attack.
You closely miss the orc priest.
The orc priest is severely wounded.
You hit the adder. You slash the ball python!
You kill the ball python!
The orc priest shouts, "The Pantheon deserves no one's loyalty.
Let us show you the true path!" The orc priest misses you.
An endoplasm comes into view.
The adder barely misses you.
The orc priest looks satisfied for a moment.
The endoplasm moves out of view.
You closely miss the orc priest.
The orc priest is severely wounded.
You miss the adder. The adder closely misses you. You furiously retaliate!
You headbutt the adder.
The orc priest invokes the aid of Beogh against you.
Pain shoots through your body!
You die... #.......# #<#.....#######.# #. #...##........... ... ##†####..######.# #.# #.# #.............. #.# #.#.##..##.#.# #.###.#....## oo.

.........#..##S#.#.#.
#.###.##.#.#.@o......
#.# #. #....##S#.#.#.
... #. ###..# ...
#..# .#.# #..# .....
#..# .# #.# #... ..
... #.#.#.# #. #.#..


You could see an orc priest, 2 adders and 2 orcs.

Vanquished Creatures
  An orc priest (D:3)
  An adder (D:2)
  2 dart slugs
  3 endoplasms
  3 giant cockroaches
  2 hobgoblins
  2 jackals (D:1)
  2 kobolds (D:2)
  2 quokkas (D:1)
  8 ball pythons
  5 bats
  7 frilled lizards
  2 goblins
  6 rats
46 creatures vanquished.

Notes
Turn   | Place    | Note
-------+----------+-------------------------------------------
     0 | D:1      | hung33 the Minotaur Fighter began the quest for the Orb.
     0 | D:1      | Reached XP level 1. HP: 19/19 MP: 0/0
   107 | D:1      | Reached skill level 3 in Axes
   111 | D:1      | Reached XP level 2. HP: 25/26 MP: 1/1
   332 | D:1      | Reached skill level 4 in Axes
   604 | D:2      | Reached XP level 3. HP: 31/31 MP: 2/2
  1351 | D:3      | Reached skill level 5 in Axes
  1378 | D:3      | Reached XP level 4. HP: 21/39 MP: 3/3
  1386 | D:3      | Killed from afar by an orc priest

Illustrated notes

Levels and vault maps discovered:
D:1:      dpeg_arrival_court, layout_basic
D:2:      layout_basic
D:3:      kennysheep_slugbush, layout_loops_ring, trog_three_pillars_becter,
          hellmonk_ecumenical_altar_inner_sanctum, roderic_roman_lattice,
          st_stairs_11

Skill      XL: |  1  2  3 |
---------------+----------+-----
Axes           | 3 4 5 |  5.5
Fighting       | |  3.6
Armour         | |  3.6
Shields        | |  3.6

Action                     |  1- 3 |  4- 6 || total
---------------------------+-------+-------++-------
  Melee: War axe           |    84 |     8 ||    92
         Headbutt          |     7 |       ||     7
 Armour: Scale mail        |    77 |    14 ||    91
  Dodge: Dodged            |    48 |     3 ||    51
  Block: Buckler           |    30 |     4 ||    34

Table legend: (Time is in decaauts)
 A = Elapsed time spent in this place.
 B = Non-inter-level travel time spent in this place.
 C = Inter-level travel time spent in this place.
 D = Time resting spent in this place.
 E = Time spent auto-exploring this place.
 F = Levels seen in this place.
 G = Mean time per level.
                   A        B        C        D        E       F      G
               +--------+--------+--------+--------+--------+-----+--------+
         Total |   1418 |   1328 |     90 |      0 |   1057 |   3 |  472.7 |
       Dungeon |   1418 |   1328 |     90 |      0 |   1057 |   3 |  472.7 |
               +--------+--------+--------+--------+--------+-----+--------+

Top non-repeatable levels by time:
     D:2: 762 daAuts
     D:1: 587 daAuts
     D:3: 67 daAuts
